 Dungeon Crawl Stone Soup version 0.23.2-1-ga50397a6bc (webtiles) character file.

Game seed: 6644767940035618666

65 Andrea the Firebug (level 4, 0/27 HPs)
             Began as an Octopode Fire Elementalist on Apr 24, 2019.
             Slain by a hobgoblin
             ... wielding a +0 club
             ... led by Robin
              (4 damage)
             ... on level 1 of the Dungeon.
             The game lasted 00:04:17 (1775 turns).

Andrea the Firebug (Octopode Fire Elementalist)     Turns: 1775, Time: 00:04:17

Health: 0/27       AC:  1    Str:  8    XL:     4   Next: 13%
Magic:  4/8        EV: 13    Int: 17    God:
Gold:   29         SH:  0    Dex: 12    Spells: 2/8 levels left

rFire    . . .     SeeInvis .   (no weapon)
rCold    . . .     Gourm    .   (no shield)
rNeg     . . .     Faith    .   (helmet restricted)
rPois    .         Spirit   .   (no amulet)
rElec    .         Reflect  .   (no ring)
rCorr    .         Harm     .   (no ring)
MR       .....                  (no ring)
Stlth    +++.......             (no ring)
HPRegen  0.09/turn              (no ring)
MPRegen  0.11/turn              (no ring)
                                (no ring)
                                (no ring)

@: no status effects
A: almost no armour, stealthy swim, amphibious, 8 rings, constrict 8, camouflage
1, gelatinous body 1
a: no special abilities


You were on level 1 of the Dungeon.
You were hungry.

You visited 1 branch of the dungeon, and saw 2 of its levels.

You collected 29 gold pieces.

Inventory:

Scrolls
 a - a scroll of blinking {unknown}
 d - a scroll of amnesia {unknown}
 e - 2 scrolls of identify {unknown}
 f - 3 scrolls of remove curse {unknown}
 h - a scroll of magic mapping {unknown}
Potions
 c - 2 potions of curing {unknown}
Comestibles
 b - 2 rations
 g - 4 chunks of flesh


   Skills:
 - Level 2.0 Dodging
 - Level 2.6 Stealth
 + Level 2.8 Spellcasting
 + Level 2.2 Conjurations
 + Level 3.7 Fire Magic


You had 2 spell levels left.
You knew the following spells:

 Your Spells              Type           Power        Failure   Level  Hunger
a - Flame Tongue          Conj/Fire      ##...        5%          1    #......
b - Throw Flame           Conj/Fire      ##....       8%          2    ##.....
c - Conjure Flame         Conj/Fire      ##......     16%         3    ###....

Your spell library contained the following spells:

 Spells                   Type           Power        Failure   Level  Hunger
 Inner Flame              Hex/Fire       #.......     26%         3    ###....
 Sticky Flame             Conj/Fire      ##......     45%         4    #####..
 Fireball                 Conj/Fire      ##........   82%         5    ######.


Dungeon Overview and Level Annotations

Branches:
Dungeon (2/15)

Altars:
Kikubaaqudgha
Qazlal

Annotations:
D:2 Robin, Terence


Innate Abilities, Weirdness & Mutations

You cannot wear most types of armour.
You are very stealthy in the water. (Stealth+)
You are amphibious.
You can wear up to eight rings at the same time.
You can use your tentacles to constrict eight enemies at once.
Your skin changes colour to match your surroundings (Stealth+).
Your rubbery body absorbs attacks. (AC +1, EV +1)


Message History

The hobgoblin barely misses you. The goblin hits you but does no damage.
Casting: Flame Tongue (safe; 5% risk of failure)
Confirm with . or Enter, or press ? or * to list all spells.
Aiming: Throw Flame (safe; 8% risk of failure)
Press: ? - help, Shift-Dir - straight line, f - goblin
Aim: a goblin, wielding a +0 dagger (unusually strong)
The puff of flame hits the goblin.
You kill the goblin!
The hobgoblin closely misses you.
Casting: Throw Flame (safe; 8% risk of failure)
Confirm with . or Enter, or press ? or * to list all spells.
Aiming: Throw Flame (safe; 8% risk of failure)
Press: ? - help, Shift-Dir - straight line, f/p - goblin
Aim: a goblin, wielding a +0 dagger (unusually strong)
The puff of flame misses the goblin.
The goblin hits you with a +0 club.
* * * LOW HITPOINT WARNING * * *
The goblin hits you with a +0 dagger.
* * * LOW HITPOINT WARNING * * *
The hobgoblin hits you with a +0 club.
You die...

#.###.......(.......#####.##
#.# #.######.############...
#.# #.# #.##............#
#.# #.### #.##.#########.##
#.# #...# #.##.#...##......
#.# ###.# #.##.#...##......
#.# #.# #g##............♣
#.#####.####g##.............
#.........g@g##............♣
#######.#######.#...##......
#.# #.#...##.....♣ #.#
#.##.###...... #.#
#.##.###.....♣ #.#
#.##.......... #.#
#.######...... #[# #.#
#....## #.#######.## #....#.


You could see a hobgoblin and 3 goblins.

Vanquished Creatures
  An adder (D:2)
  An ooze (D:1)
  A worm (D:2)
  2 dart slugs
  2 leopard geckos (D:1)
  5 bats
  A giant cockroach (D:1)
  9 goblins
  6 hobgoblins
  4 jackals
  3 frilled lizards
  3 kobolds
  4 rats
42 creatures vanquished.

Notes
Turn   | Place    | Note
-------+----------+-------------------------------------------
     0 | D:1      | Andrea the Octopode Fire Elementalist began the quest for
                  | the Orb.
     0 | D:1      | Reached XP level 1. HP: 11/11 MP: 3/3
   153 | D:1      | Reached XP level 2. HP: 13/17 MP: 1/5
   200 | D:1      | Learned a level 2 spell: Throw Flame
   785 | D:1      | Reached XP level 3. HP: 21/21 MP: 3/6
  1038 | D:1      | Learned a level 3 spell: Conjure Flame
  1548 | D:2      | Reached XP level 4. HP: 27/27 MP: 5/8
  1562 | D:2      | Noticed Robin
  1681 | D:2      | Found a stormy altar of Qazlal.
  1698 | D:2      | Found an ancient bone altar of Kikubaaqudgha.
  1740 | D:2      | Noticed a +0 dagger
  1740 | D:2      | Noticed Terence
  1775 | D:1      | Slain by a hobgoblin

Skill      XL: |  1  2  3 |
---------------+----------+-----
Conjurations   | 2 |  2.2
Dodging        | |  2.0
Stealth        | |  2.6
Spellcasting   | |  2.8
Fire Magic     | |  3.7

Action                   |  1- 3 |  4- 6 || total
-------------------------+-------+-------++-------
Melee: Unarmed           |    34 |     6 ||    40
       Constrict         |    10 |     1 ||    11
       Tentacles         |     8 |     1 ||     9
 Cast: Flame Tongue      |    49 |     5 ||    54
       Throw Flame       |     3 |     7 ||    10
 Stab: Sleeping          |     2 |       ||     2
  Eat: Chunk             |     3 |       ||     3
Armor: Skin              |     7 |     5 ||    12
Dodge: Dodged            |    39 |    12 ||    51
